 Dungeon Crawl Stone Soup version 0.29-a0-542-g075992c915 (webtiles) character file.

Game seed: 2508990238945292841

2807 Essalna the Covert (level 9, 0/44 HPs)
             Began as a Spriggan Enchanter on June 3, 2022.
             Was an Initiate of Dithmenos.
             Killed from afar by Erica (44 damage)
             ... with a bolt of acid
             ... on level 8 of the Dungeon.
             The game lasted 00:24:29 (10249 turns).

Essalna the Covert (Spriggan Enchanter)            Turns: 10249, Time: 00:24:30

Health: 0/44       AC:  2    Str:  4    XL:     9   Next: 44%
Magic:  12/14      EV: 29    Int: 27    God:    Dithmenos [......]
Gold:   481        SH:  0    Dex: 15    Spells: 8/13 levels left

rFire   + . .      SeeInvis +   k - +1 rapier (speed)
rCold   + . .      Faith    .   (no shield)
rNeg    + . .      Spirit   .   E - +0 robe {rN+}
rPois   .          Reflect  .   (helmet restricted)
rElec   .          Harm     .   s - scarf {rC+ rF+}
rCorr   .          Rampage  .   (gloves unavailable)
Will    +....                   (boots unavailable)
Stlth   +++++.....              (no amulet)
HPRegen 0.14/turn               u - +6 ring of intelligence
MPRegen 0.14/turn               g - ring of the Hare {EV+8}

@: very quick
A: very small, no large weapons, unfitting armour, see invisible, speed 3
a: Renounce Religion


You were on level 8 of the Dungeon.
You worshipped Dithmenos.
Dithmenos was noncommittal.
You visited 2 branches of the dungeon, and saw 9 of its levels.
You also visited: Sewer.

You collected 481 gold pieces.

Inventory:

Hand Weapons
 a - a +1 dagger
 k - a +1 rapier of speed (weapon)
 x - a +2 dagger of venom
Missiles
 p - a throwing net (quivered)
Armour
 b - a +0 robe
 s - a scarf of resistance (worn)
 E - a +0 robe of positive energy (worn)
Magical Staves
 F - a staff of fire
Jewellery
 g - the ring of the Hare (right hand) {EV+8}
   (You acquired it on level 5 of the Dungeon)

   [ring of evasion]

   EV:        It affects your evasion (+8).
 l - a ring of flight
 u - a +6 ring of intelligence (left hand)
 z - a +6 ring of strength
Wands
 y - a wand of charming (5)
 B - a wand of iceblast (2)
 D - a wand of mindburst (19)
 H - a wand of acid (12)
Scrolls
 i - 4 scrolls of fog {unknown}
 n - 2 scrolls of amnesia
 o - 3 scrolls of teleportation
 q - 6 scrolls of identify
 r - 2 scrolls of poison {unknown}
 t - 2 scrolls of enchant armour {unknown}
 A - a scroll of enchant weapon {unknown}
 G - 2 scrolls of brand weapon {unknown}
Potions
 c - 2 potions of invisibility
 d - 11 potions of curing
 e - 3 potions of haste {unknown}
 f - 5 potions of degeneration
 h - 4 potions of flight
 j - 2 potions of ambrosia {unknown}
 m - 3 potions of lignification {unknown}
 v - a potion of attraction {unknown}
 w - a potion of magic {unknown}
 C - 2 potions of brilliance {unknown}


   Skills:
 + Level 3.6 Fighting
 + Level 6.6 Short Blades
 + Level 8.5 Dodging
 + Level 10.4 Stealth
 - Level 2.6 Spellcasting
 + Level 8.2 Hexes


You had 8 spell levels left.
You knew the following spells:

 Your Spells              Type           Power      Damage    Failure   Level
a - Confusing Touch       Hex            48%        N/A       1%          3
b - Ensorcelled Hibernat  Hex/Ice        50%        N/A       2%          2

Your spell library contained the following spells:

 Spells                   Type           Power      Damage    Failure   Level
 Tukima's Dance           Hex            48%        N/A       1%          3
 Dazzling Flash           Conj/Hex       50%        N/A       4%          3
 Apportation              Tloc           6%         N/A       9%          1
 Necrotize                Necr           12%        1d4       9%          1
 Summon Small Mammal      Summ           12%        N/A       9%          1
 Static Discharge         Conj/Air       3%         N/A       14%         2
 Leda's Liquefaction      Hex/Erth       12%        N/A       17%         4
 Vampiric Draining        Necr           3%         2d6       26%         3
 Summon Mana Viper        Hex/Summ       25%        N/A       43%         5
 Yara's Violent Unravell  Hex/Tmut       12%        3d7       43%         5
 Dispel Undead            Necr           3%         3d7       65%         4
 Passage of Golubria      Tloc           3%         N/A       65%         4
 Sticky Flame             Conj/Fire      3%         2d3       65%         4
 Agony                    Necr           3%         N/A       94%         5
 Lee's Rapid Deconstruct  Erth           1%         3d5*      94%         5
 Lightning Bolt           Conj/Air       1%         1d12      94%         5
 Summon Forest            Summ/Tloc      1%         N/A       94%         5
 Statue Form              Tmut/Erth      2%         N/A       100%        6
 Summon Cactus Giant      Summ           1%         N/A       100%        6
 Maxwell's Capacitive Co  Air            1%         ∞         100%        8


Dungeon Overview and Level Annotations

Branches:
Dungeon (8/15)             Temple (1/1) D:7           Sewer (visited)
   Lair: D:8-11

Altars:
Ashenzari
Cheibriados
Dithmenos
Elyvilon
Fedhas
Gozag
Hepliaklqana
Nemelex Xobeh
Okawaru
Qazlal
Ru
Sif Muna
Trog
Uskayaw
Wu Jian
Yredelemnul
Zin
The Shining One

Shops:
D:2 (   D:6 !*[?

Annotations:
D:8 Erica


Innate Abilities, Weirdness & Mutations

You are very small and have problems with some larger weapons.
You are too small for most types of armour.
You have supernaturally acute eyesight. (SInv)
You cover ground extremely quickly. (Speed+++)


Message History

The sky beast is lightly wounded.
You hit the sky beast.
The sky beast is moderately wounded.
The sky beast closely misses itself.
You hit the sky beast.
The sky beast is heavily wounded.
You catch the helpless sky beast completely off-guard!
You impale the sky beast!!
You kill the sky beast!
Dithmenos accepts your kill.
No target in view!
No target in view!
No target in view!
No target in view!
No target in view!
No target in view!
No target in view!
No target in view!
No target in view!
No target in view!
Magic restored.
You open the door.
Key pressed, stopping explore.
You open the door.
There is an open door here.
Found a stone staircase leading up.
Erica the Fiery-Tempered comes into view.
She is wielding a +2 scimitar of flaming and carrying a wand of acid (7).
Casting: Confusing Touch (safe; 1% risk of failure)
Confirm with . or Enter, or press ? or * to list all spells.
You can't see any susceptible monsters within range! (Use Z to cast anyway.) Erica shouts!
Casting: Confusing Touch (safe; 1% risk of failure)
Confirm with . or Enter, or press ? or * to list all spells.
Aiming: Ensorcelled Hibernation (safe; 2% risk of failure)
Press: ? - help, Shift-Dir - straight line, f - Erica
Aim: Erica, wielding a +2 scimitar of flaming, wearing a +0 robe and carrying a wand of acid (7) (chance to affect: 23%) Erica resists with almost no effort.
Erica zaps a wand.
The bolt of acid hits you!!!
Ouch! That really hurt!
You die...

#.≈#..###.......#
#.≈#.......######
#.§##.######
#####§≈ #.# ..
.....§§##.# .#
≈≈≈≈≈≈.#..# .####
#####'### ....###
##.......##.......
...........@.<..@..
...................
...........##......
............#......
...................
..............#.#..
..............#.# .
............## #


You could see Erica.

Vanquished Creatures
  A steam dragon (D:7)
  Pargi (D:4)
  3 water moccasins
  2 sky beasts
  Duvessa (D:7)
  An ogre (D:5)
  2 phantoms
  A bullfrog (D:6)
  2 scorpions (D:6)
  13 wights
  Dowan (D:7)
  2 hounds
  2 orc priests
  3 jellies
  3 gnoll shamans
  3 iguanas
  2 orc wizards
  Natasha (thrice) (D:2)
  9 gnolls
  4 adders
  7 river rats
  A shadow imp (D:7)
  2 white imps
  An ufetubus (D:5)
  2 worms
  3 dart slugs
  16 orcs
  11 bats
  7 endoplasms
  6 giant cockroaches
  6 goblins
  6 hobgoblins
  5 jackals
  6 kobolds
  9 quokkas
  15 ball pythons
  9 frilled lizards
  3 rats
174 creatures vanquished.

Vanquished Creatures (others)
  2 plants (D:2)
2 creatures vanquished.

Grand Total: 176 creatures vanquished

Notes
Turn   | Place    | Note
-------+----------+-------------------------------------------
     0 | D:1      | Essalna the Spriggan Enchanter began the quest for the Orb.
     0 | D:1      | Reached XP level 1. HP: 9/9 MP: 5/5
   249 | D:1      | Reached XP level 2. HP: 13/13 MP: 6/6
   396 | D:1      | Found a faded altar of an unknown god.
   825 | D:2      | Found an iron altar of Okawaru.
  1213 | D:2      | Noticed Natasha
  1247 | D:2      | Reached skill level 5 in Stealth
  1883 | D:2      | Reached XP level 3. HP: 13/16 MP: 8/8
  2211 | D:2      | Learned a level 3 spell: Confusing Touch
  2557 | D:2      | Killed Natasha
  2606 | D:2      | Reached XP level 4. HP: 14/21 MP: 9/9
  2826 | D:3      | Found a hazy altar of Hepliaklqana.
  2887 | D:3      | Noticed a black bear
  2982 | D:2      | Noticed Natasha
  2992 | D:2      | Killed Natasha
  2993 | D:2      | Reached XP level 5. HP: 16/24 MP: 6/10
  3137 | D:2      | Found Yqitu's Antique Weapon Shop.
  3201 | D:2      | Noticed Natasha
  3209 | D:2      | Killed Natasha
  3210 | D:2      | Reached skill level 6 in Stealth
  3839 | D:3      | Reached skill level 5 in Hexes
  4188 | D:4      | Noticed Pargi
  4406 | D:4      | Killed Pargi
  4407 | D:4      | Reached XP level 6. HP: 28/28 MP: 11/11
  4525 | D:4      | Reached skill level 5 in Dodging
  4683 | D:4      | Reached skill level 7 in Stealth
  5037 | D:5      | Entered Level 5 of the Dungeon
  5056 | D:5      | Identified a scroll of acquirement
  5056 | D:5      | Acquired the ring of the Hare {EV+8}
  5056 | D:5      | Found the ring of the Hare {EV+8}
  5135 | D:5      | Reached XP level 7. HP: 32/32 MP: 12/12
  5144 | D:5      | Found a glowing drain.
  5173 | Sewer    | Entered a sewer
  6102 | D:5      | Reached skill level 1 in Fighting
  6102 | D:5      | Reached skill level 8 in Stealth
  6122 | D:5      | Identified the +4 hunting sling of the Moth {venom, *Slow
                  | rCorr MP+9 Int+8}
  6447 | D:5      | Learned a level 2 spell: Ensorcelled Hibernation
  6840 | D:6      | Found Miminu's Assorted Antiques.
  6840 | D:6      | Found Izaomuok's Distillery.
  6925 | D:6      | Reached XP level 8. HP: 37/37 MP: 10/13
  7051 | D:6      | Reached skill level 5 in Short Blades
  7137 | D:6      | HP: 1/39 [poisoned by a scorpion]
  7699 | D:6      | Reached skill level 9 in Stealth
  7984 | D:6      | Found Huizys's Armour Emporium.
  8026 | D:6      | Found Qeanerch's Magic Scroll Shop.
  8508 | D:7      | Noticed Duvessa
  8509 | D:7      | Noticed Dowan
  8534 | D:7      | Killed Duvessa
  8535 | D:7      | Reached XP level 9. HP: 16/44 MP: 7/14
  8548 | D:7      | Killed Dowan
  8898 | D:7      | Identified the +1 leather armour "Mulukkutas" {Fly rN+
                  | Int-4}
  8980 | D:7      | Reached skill level 10 in Stealth
  9483 | D:7      | Found a staircase to the Ecumenical Temple.
  9537 | Temple   | Entered the Ecumenical Temple
  9686 | Temple   | Became a worshipper of Dithmenos the Shadowed
 10247 | D:8      | Noticed Erica
 10249 | D:8      | Killed from afar by Erica

Illustrated notes

Levels and vault maps discovered:
D:1:      eino_arrival_cavern_b, layout_loops_ring,
          ebering_ecumenical_altar_rust
D:2:      layout_rooms, basic_altar, serial_shops, nicolae_lakefront_shop,
          chequers_serial_rivers_room_b, serial_bayou_pond_b,
          minmay_diced_spiral, uniq_natasha
D:3:      layout_rooms, worldfamousw_hep_ancestral_shrine
D:4:      layout_rooms, uniq_pargi
D:5:      layout_loops_ring, gup_sewer_entry_bubbles, nicolae_underground_beach
D:6:      layout_cave_pools, serial_shops, shop_fountains, shop,
          nicolae_shop_hallway_stairs, shop, minmay_fountain_box, st_stairs_3
D:7:      layout_basic, minmay_temple_entry_metal_lava,
          minmay_fractal_squares_diagonal_5, uniq_duvessa
D:8:      layout_basic, minmay_crystal_room, kennysheep_pointless_box,
          ebering_dispersal_statue_hall, minivault_27, grunt_decor_mini_mirrors,
          st_stairs_14, uniq_erica, uniq_maggie, uniq_grum
Temple:   mainiacjoe_temple_circle_huts

Skill      XL: |  1  2  3  4  5  6  7  8  9 |
---------------+----------------------------+-----
Dodging        | 3 4 5 6 7 8 |  8.5
Hexes          | 4 5 6 7 8 |  8.2
Stealth        | 5 6 7 8 9 10 | 10.4
Short Blades   | 2 3 4 6 |  6.6
Fighting       | 1 3 |  3.6
Spellcasting   | |  2.6

Action                   |  1- 3 |  4- 6 |  7- 9 || total
-------------------------+-------+-------+-------++-------
Melee: Dagger            |    97 |       |       ||    97
       Rapier            |    37 |   180 |   367 ||   584
       Punch             |     3 |     2 |     4 ||     9
Throw: Throwing net      |       |     1 |       ||     1
 Cast: Confusing Touch   |     3 |    14 |    34 ||    51
       Ensorcelled Hiber |       |       |    12 ||    12
  Use: Scroll            |     1 |     7 |       ||     8
 Stab: Sleeping          |     8 |     9 |    24 ||    41
       Confused          |     2 |     8 |    28 ||    38
       Held in net/web   |       |     1 |       ||     1
       Distracted        |       |       |     1 ||     1
Armor: Robe              |    17 |     4 |     6 ||    27
Dodge: Dodged            |   105 |    66 |   257 ||   428

Table legend: (Time is in decaauts)
 A = Elapsed time spent in this place.
 B = Non-inter-level travel time spent in this place.
 C = Inter-level travel time spent in this place.
 D = Time resting spent in this place.
 E = Time spent auto-exploring this place.
 F = Levels seen in this place.
 G = Mean time per level.
                   A        B        C        D        E       F      G
               +--------+--------+--------+--------+--------+-----+--------+
         Total |   8161 |   7856 |    305 |    641 |   5644 |  10 |  816.1 |
       Dungeon |   7376 |   7089 |    287 |    641 |   5140 |   8 |  922.0 |
        Temple |    104 |     86 |     18 |      0 |     75 |   1 |  104.0 |
         Sewer |    680 |    680 |      0 |      0 |    428 |   1 |  680.0 |
               +--------+--------+--------+--------+--------+-----+--------+

Top non-repeatable levels by time:
     D:1: 1487 daAuts
     D:7: 1406 daAuts
     D:6: 1104 daAuts
     D:2: 1082 daAuts
     D:3: 833 daAuts
     D:5: 762 daAuts
   Sewer: 680 daAuts
     D:4: 660 daAuts
  Temple: 104 daAuts
     D:8: 38 daAuts
